 Dungeon Crawl Stone Soup version 0.27.1-1-g398f81649c (webtiles) character file.

Game seed: 16068996322814383687

49 Yaksher the Grave Robber (level 3, 0/24 HPs)
             Began as a Demonspawn Necromancer on Sept 12, 2021.
             Slain by Terence (7 damage)
             ... on level 2 of the Dungeon.
             The game lasted 00:17:00 (2201 turns).

Yaksher the Grave Robber (Demonspawn Necromancer)   Turns: 2201, Time: 00:17:01

Health: 0/24       AC:  2    Str:  8    XL:     3   Next: 53%
Magic:  1/6        EV: 12    Int: 17    God:
Gold:   29         SH:  4    Dex: 13    Spells: 1/6 levels left

rFire    . . .     SeeInvis .   b - +0 hand axe
rCold    . . .     Faith    .   (no shield)
rNeg     . . .     Spirit   .   e - +0 robe
rPois    .         Reflect  .   (no helmet)
rElec    .         Harm     .   (no cloak)
rCorr    .         Rampage  .   (no gloves)
Will     .....                  (no boots)
Stlth    ++........             (no amulet)
HPRegen  0.08/turn              (no ring)
MPRegen  0.10/turn              (no ring)

@: no status effects
A: condensation shield
a: no special abilities


You were on level 2 of the Dungeon.
You visited 1 branch of the dungeon, and saw 2 of its levels.

You collected 29 gold pieces.

Inventory:

Hand Weapons
 b - a +0 hand axe (weapon)
 l - a +0 hunting sling
Missiles
 c - 8 javelins
 f - 6 boomerangs
 m - 26 stones
Armour
 a - a +0 robe
 e - a +0 robe (worn)
 g - a +0 robe
Scrolls
 i - a scroll of amnesia
 j - a scroll of enchant weapon {unknown}
 n - a scroll of brand weapon {unknown}
Potions
 h - a potion of ambrosia


   Skills:
 + Level 2.0 Dodging
 + Level 2.0 Stealth
 + Level 2.3 Spellcasting
 + Level 5.4 Necromancy


You had one spell level left.
You knew the following spells:

 Your Spells              Type           Power      Damage    Failure   Level
a - Pain                  Necr           80%        1d8       1%          1
b - Animate Skeleton      Necr           40%        N/A       1%          1
c - Vampiric Draining     Necr           10%        2d7       6%          3

Your spell library contained the following spells:

 Spells                   Type           Power      Damage    Failure   Level
 Animate Dead             Necr           10%        N/A       21%         4
 Agony                    Necr           20%        N/A       50%         5


Dungeon Overview and Level Annotations

Branches:
Dungeon (2/15)

Altars:
Makhleb

Annotations:
D:2 Terence


Innate Abilities, Weirdness & Mutations

A meltable shield of frost defends you. (SH +4)


Message History

You draw life force from Terence.
You feel life coursing into your body. Terence hits you with a +0 falchion.
Terence shouts, "Get ready for death!"
Okay, then.
As you read the scroll labelled LEIHIJ HUMO, it crumbles to dust.
It is a scroll of identify.
i - a scroll of amnesia Terence barely misses you.
Casting: Vampiric Draining (quite dangerous; 6% risk of failure)
Confirm with . or Enter, or press ? or * to list all spells.
Aiming: Pain (safe; 1% risk of failure)
Press: ? - help, Shift-Dir - straight line, f/p - Terence
Aim: Terence, wielding a +0 falchion and wearing a +3 chain mail of positive energy (severely wounded, chance to affect: 85%) Terence writhes in agony.
Terence misses you.
You hit Terence but do no damage.
Terence is almost dead.
You block Terence's attack.
You closely miss Terence.
Terence is almost dead.
Terence barely misses you. Terence hits you with a +0 falchion.
You closely miss Terence.
Terence is almost dead.
Terence closely misses you. You block the giant cockroach's attack.
Terence hits you with a +0 falchion!
You completely miss Terence.
Terence is almost dead.
You closely miss the giant cockroach. The giant cockroach misses you.
Terence hits you with a +0 falchion.
* * * LOW HITPOINT WARNING * * *
It was a potion of curing.
You feel better. The giant cockroach barely misses you.
Terence hits you with a +0 falchion.
The giant cockroach bites you but does no damage.
You barely miss Terence.
Terence is almost dead.
You hit the giant cockroach. Terence hits you with a +0 falchion.
* * * LOW HITPOINT WARNING * * *
The giant cockroach bites you but does no damage.
Terence barely misses you. Terence hits you with a +0 falchion!
You die...

#######.........
......#.........
#............
###............
#...#<.........
#.###..........
#.#......#'####
########.##..##.#.#
#...B@..........#.#
##########...@.....#.....#.#
#..................##)##.#.#
#..........#######.........#
#..........# #.##.##.### ##
+##..........# #.##.##.# #.
.............# #.##.##.# #.
.............# #....##.# #.
.............#
########.##.#####.


You could see Terence and a giant cockroach.

Vanquished Creatures
  2 adders (D:2)
  A dart slug (D:1)
  3 endoplasms (D:1)
  A giant cockroach (D:1)
  4 goblins
  2 hobgoblins (D:1)
  2 jackals (D:1)
  A quokka (D:1)
  4 bats (D:1)
  4 frilled lizards
  A kobold (D:2)
  4 rats
29 creatures vanquished.

Notes
Turn   | Place    | Note
-------+----------+-------------------------------------------
     0 | D:1      | Yaksher the Demonspawn Necromancer began the quest for the
                  | Orb.
     0 | D:1      | Reached XP level 1. HP: 13/13 MP: 3/3
   459 | D:1      | Found a faded altar of an unknown god.
   511 | D:1      | Gained mutation: A meltable shield of frost defends you.
                  | (SH +4) [demonic ancestry]
   511 | D:1      | Reached XP level 2. HP: 9/19 MP: 0/5
  1094 | D:1      | Reached skill level 5 in Necromancy
  1654 | D:2      | Found a burning altar of Makhleb.
  1656 | D:2      | Reached XP level 3. HP: 23/24 MP: 4/6
  1677 | D:2      | Learned a level 1 spell: Animate Skeleton
  1681 | D:2      | Learned a level 3 spell: Vampiric Draining
  1946 | D:2      | Noticed Terence
  2201 | D:2      | Slain by Terence

Illustrated notes

Levels and vault maps discovered:
D:1:      minmay_arrival_jagged, layout_basic,
          hellmonk_ecumenical_altar_slurped_away, minmay_misc_feat_room
D:2:      layout_basic, basic_altar, uniq_terence

Skill      XL: |  1  2 |
---------------+-------+-----
Dodging        | 2 |  2.0
Stealth        | 2 |  2.0
Necromancy     | 5 |  5.4
Spellcasting   | |  2.3

Action                   || total
-------------------------++-------
Melee: Hand axe          ||    14
 Cast: Pain              ||    50
       Animate Skeleton  ||     2
       Vampiric Draining ||     2
  Use: Potion            ||     2
       Scroll            ||     1
Armor: Robe              ||     4
Dodge: Dodged            ||    20
Block: Other             ||     4
